 Dungeon Crawl Stone Soup version 0.30-a0-696-g2367cd04db (webtiles) character file.

Game seed: 10946259247180303560

60 wormed the Charlatan (level 3, -1/26 HPs)
             Began as a Demonspawn Artificer on Jan 21, 2023.
             Succumbed to a gnoll's poison
             ... on level 2 of the Dungeon.
             The game lasted 00:03:24 (1870 turns).

wormed the Charlatan (Demonspawn Artificer)         Turns: 1870, Time: 00:03:25

Health: -1/26      AC:  4    Str: 12    XL:     3   Next: 80%
Magic:  4/4        EV: 11    Int: 16    God:
Gold:   86         SH:  0    Dex: 13    Spells: 3/3 levels left

rFire   . . .      SeeInvis .    l - staff of conjuration
rCold   . . .      Faith    .    (no shield)
rNeg    . . .      Spirit   .    b - +0 leather armour
rPois   .          Reflect  .    (no helmet)
rElec   .          Harm     .    (no cloak)
rCorr   .          Rampage  .    (no gloves)
Will    .....                    m - +0 pair of boots
Stlth   +                        (no amulet)
HPRegen 0.24/turn                i - ring of flight
MPRegen 0.09/turn                (no ring)

@: lethally poisoned (-1 -> -26), flying
A: big brain 1
a: no special abilities


You were on level 2 of the Dungeon.
You visited 1 branch of the dungeon, and saw 2 of its levels.

You collected 86 gold pieces.

Inventory:

Hand Weapons
 a - a +0 club
 f - a +0 short sword
Armour
 b - a +0 leather armour (worn)
 m - a +0 pair of boots (worn)
Magical Staves
 l - a staff of conjuration (weapon)
Jewellery
 i - a ring of flight (left hand)
 j - a ring of wizardry
 q - a ring of fire
Wands
 c - a wand of flame (10)
 d - a wand of charming (14) (quivered)
 e - a wand of iceblast (5)
Scrolls
 g - a scroll of immolation {unknown}
 h - a scroll of blinking {unknown}
 n - a scroll of poison {unknown}
 r - a scroll of amnesia {unknown}
Potions
 k - 2 potions of degeneration {unknown}
 o - a potion of ambrosia {unknown}
 p - a potion of might {unknown}


   Skills:
 - Level 1.5 Fighting
 + Level 2.2 Staves
 - Level 1.7 Armour
 - Level 1.3 Dodging
 - Level 0.8 Stealth
 - Level 0.7 Spellcasting
 - Level 3.2 Evocations


You had 3 spell levels left.
You didn't know any spells.
Your spell library contained the following spells:

 Spells                   Type           Power      Damage    Failure   Level
 Magic Dart               Conj           0%         1d3       30%         1
 Call Imp                 Summ           0%         N/A       41%         2
 Mephitic Cloud           Conj/Pois/Air  0%         N/A       65%         3
 Malign Gateway           Summ/Tloc      0%         N/A       100%        7
 Summon Horrible Things   Summ           0%         N/A       100%        8


Dungeon Overview and Level Annotations

Branches:
Dungeon (2/15)

Altars:


Innate Abilities, Weirdness & Mutations

You have an unusually large brain. (Int +2)


Message History

The frilled lizard bites you but does no damage.
A gnoll comes into view. It is wielding a +0 spear.
You miss the kobold. The kobold barely misses you.
The frilled lizard bites you. The kobold attacks as you move away!
The kobold hits you but does no damage.
The frilled lizard attacks as you move away!
The frilled lizard bites you. The kobold hits you with a +0 dagger.
The kobold attacks as you move away! The kobold barely misses you.
The kobold attacks as you move away! The kobold misses you.
You hit the kobold but do no damage.
You blast the kobold.
The kobold is moderately wounded.
The kobold closely misses you.
You closely miss the kobold.
The kobold is moderately wounded.
The kobold completely misses you.
You closely miss the kobold.
The kobold is moderately wounded.
The kobold hits you but does no damage.
You hit the kobold.
The kobold is severely wounded.
The kobold hits you but does no damage.
You hit the kobold.
You blast the kobold.
You kill the kobold!
You miss the frilled lizard. Your punch misses the frilled lizard.
The frilled lizard barely misses you.
The gnoll hits you from afar with a +2 halberd of venom!
Ouch! That really hurt!
You are lethally poisoned!
The frilled lizard bites you but does no damage.
* * * LOW HITPOINT WARNING * * *
You feel very sick.
The gnoll hits you from afar with a +2 halberd of venom.
* * * LOW HITPOINT WARNING * * *
You are more poisoned.
The frilled lizard bites you but does no damage.
Aiming: Charm
Press: ? - help, Q - select action, (/) - cycle Shift-Dir - straight line, f - gnoll
Aim: a gnoll, wielding a +2 halberd of venom (chance to affect: 66%)
The frilled lizard is charmed.
You die...

.. #.#
#...........
# ##.## #.#
###########.
#. .... #.#
#.......
#..##..###.#
#.######
#....... #.#
#.......
#..g..g#.#.#
#..#####
#.?###g#.#.#
#.....#.
#........#.#
##.#.##.
#.####.###@#
#.#....
#......ggl.#
#.#####
<..####.#####
#...... #.#
#.#.... #.#
###.#.. #.#
#.#.. ..#
#.... #.#
#.#.. ###
#####


You could see 2 gnolls and a friendly frilled lizard (charmed).

Vanquished Creatures
  An adder (D:2)
  A worm (D:2)
  A dart slug (D:1)
  9 ball pythons
  2 bats (D:1)
  2 endoplasms
  2 giant cockroaches (D:2)
  2 goblins (D:1)
  4 hobgoblins
  5 jackals (D:1)
  5 kobolds
  A quokka (D:1)
  4 frilled lizards
  5 rats
44 creatures vanquished.

Notes
Turn   | Place    | Note
-------+----------+-------------------------------------------
     0 | D:1      | wormed the Demonspawn Artificer began the quest for the
                  | Orb.
     0 | D:1      | Reached XP level 1. HP: 15/15 MP: 1/1
    39 | D:1      | Reached skill level 1 in Dodging
   214 | D:1      | Gained mutation: You have an unusually large brain. (Int
                  | +2) [demonic ancestry]
   214 | D:1      | Reached XP level 2. HP: 4/21 MP: 2/2
   684 | D:1      | Reached skill level 1 in Staves
   730 | D:1      | Reached XP level 3. HP: 23/26 MP: 4/4
  1870 | D:2      | Succumbed to a gnoll's poison

Illustrated notes

Levels and vault maps discovered:
D:1:      dpeg_arrival_orchard, layout_loops_ring
D:2:      layout_basic, basic_altar

Skill      XL: |  1  2  3 |
---------------+----------+-----
Dodging        | 1 |  1.3
Staves         | 1 2 |  2.2
Fighting       | |  1.5
Armour         | |  1.7
Stealth        | |  0.8
Spellcasting   | |  0.7
Evocations     | |  3.2

Action                   || total
-------------------------++-------
Melee: Club              ||    17
       Short sword       ||    38
       Staff             ||   127
Evoke: Wand              ||     6
 Stab: Sleeping          ||     1
Armor: Leather armour    ||    55
Dodge: Dodged            ||   112

Table legend: (Time is in decaauts)
 A = Elapsed time spent in this place.
 B = Non-inter-level travel time spent in this place.
 C = Inter-level travel time spent in this place.
 D = Time resting spent in this place.
 E = Time spent auto-exploring this place.
 F = Levels seen in this place.
 G = Mean time per level.
                   A        B        C        D        E       F      G
               +--------+--------+--------+--------+--------+-----+--------+
         Total |   1890 |   1872 |     18 |      0 |   1458 |   2 |  945.0 |
       Dungeon |   1890 |   1872 |     18 |      0 |   1458 |   2 |  945.0 |
               +--------+--------+--------+--------+--------+-----+--------+

Top non-repeatable levels by time:
     D:1: 1072 daAuts
     D:2: 817 daAuts
